 Dungeon Crawl Stone Soup version 0.20.1-1-g8b1a95d (webtiles) character file.

1766 MJtheKandyman the Cleaver (level 9, -12/70 HPs)
             Began as a Hill Orc Fighter on Dec 24, 2017.
             Was a Priest of Makhleb.
             Mangled by an orc warrior
             ... wielding a +0 long sword of pain
              (17 damage)
             ... on level 7 of the Dungeon.
             The game lasted 00:34:10 (5928 turns).

MJtheKandyman the Cleaver (Hill Orc Fighter)        Turns: 5928, Time: 00:34:12

Health: -12/70     AC:  6    Str: 22    XL:     9   Next: 7%
Magic:  13/13      EV:  9    Int:  8    God:    Makhleb [***...]
Gold:   266        SH:  0    Dex: 10    Spells: 8/8 levels left

rFire    . . .     SeeInvis .   K - +2 battleaxe
rCold    . . .     Gourm    .   (shield currently unavailable)
rNeg     . . .     Faith    .   b - +0 scale mail
rPois    .         Spirit   .   (no helmet)
rElec    .         Reflect  .   (no cloak)
rCorr    .         Harm     .   (no gloves)
MR       .....                  (no boots)
Stlth    ..........             (no amulet)
Regen    0.3/turn               (no ring)
MPRegen  0.2/turn               (no ring)

@: no status effects
A: no striking features
a: Minor Destruction, Lesser Servant of Makhleb, Renounce Religion


You were on level 7 of the Dungeon.
You worshipped Makhleb.
Makhleb was most pleased with you.
You were hungry.

You visited 1 branch of the dungeon, and saw 7 of its levels.

You collected 266 gold pieces.

Inventory:

Hand Weapons
 a - a +0 war axe
 m - a +4 hunting sling
 p - a +2 dagger of speed
 v - a +3 whip
 w - a +2 whip of venom
 C - a cursed -3 hand axe
 H - a +0 shortbow
 K - a +2 battleaxe (weapon)
Missiles
 h - 6 steel javelins (quivered)
 I - 73 arrows
 M - a throwing net
Armour
 b - a +0 scale mail (worn)
 c - a +0 shield
 u - a +0 chain mail
 y - a +0 chain mail
 z - a +0 ring mail
 D - a +0 scale mail
 G - a +0 ring mail
Jewellery
 F - a +3 ring of intelligence {unknown}
Wands
 q - a wand of paralysis (13/24)
 L - a wand of confusion (19/48)
Scrolls
 g - 4 scrolls of amnesia
 i - 8 scrolls of identify
 j - 7 scrolls of teleportation {unknown}
 o - 4 scrolls of remove curse {unknown}
 r - 2 scrolls of enchant armour {unknown}
 s - 3 scrolls of fog {unknown}
 x - a scroll of recharging {unknown}
 E - a scroll of magic mapping {unknown}
 J - a scroll of immolation {unknown}
Potions
 d - a potion of might
 e - a potion of degeneration {unknown}
 k - a potion of cancellation {unknown}
 l - 2 potions of ambrosia {unknown}
 t - 4 potions of curing {unknown}
 A - 3 potions of lignification {unknown}
 B - 2 potions of heal wounds {unknown}
Comestibles
 f - 8 bread rations
 n - 3 royal jellies
 N - 2 meat rations


   Skills:
 - Level 3.6 Fighting
 + Level 11.4 Axes
 - Level 3.2 Armour
 - Level 6.6 Shields
 - Level 6.4 Invocations


You had 8 spell levels left.
You didn't know any spells.

Dungeon Overview and Level Annotations

Branches:
Dungeon (7/15)             Temple (0/1) D:6

Altars:
Elyvilon
Kikubaaqudgha
Makhleb
Okawaru
Sif Muna
Yredelemnul
Zin

Annotations:
D:1 Axe & Shield, want broad axe
D:6 Forget shields, got battleaxe


Message History

The orc priest hits you.
The orc warrior hits you with a long sword of pain.
* * * LOW HITPOINT WARNING * * *
The orc priest hits you but does no damage.
You barely miss the orc warrior.
The orc warrior is almost dead.
You slash the orc priest!
The orc warrior hits you with a long sword of pain!
* * * LOW HITPOINT WARNING * * *
The orc priest mumbles some strange prayers to Beogh against you.
Pain shoots through your body!
* * * LOW HITPOINT WARNING * * *
The orc priest shouts, "Join the one true god or die!"
You closely miss the orc warrior.
The orc warrior is almost dead.
You slash the orc priest!
You kill the orc priest!
Makhleb accepts your kill.
The orc warrior hits you with a long sword of pain!
You die...

#.############
#.# ######.#
#......#
#.###### #.#
#.# #.########
#......o@#
########[#
..........o).#
#######.####.#
#.# #.# #.#
..# ###


You could see an orc warrior.

Vanquished Creatures
  Grinder (D:6)
  2 ogres
  A phantom (D:6)
  3 centaurs
  2 bullfrogs (D:6)
  2 vampire bats (D:5)
  3 wights (D:7)
  3 hounds
  A jelly (D:6)
  3 orc priests
  A centaur skeleton (D:4)
  An iguana (D:5)
  A bullfrog skeleton (D:6)
  3 orc wizards (D:6)
  Terence (D:3)
  A worker ant (D:5)
  Natasha (thrice) (D:3)
  Robin (D:3)
  8 adders
  A shadow imp (D:5)
  2 oozes
  A worm (D:3)
  2 dart slugs
  3 leopard geckos
  23 orcs
  A ball python (D:1)
  7 giant cockroaches
  11 goblins
  5 hobgoblins
  18 jackals
  A quokka (D:5)
  13 bats
  4 frilled lizards
  11 kobolds
  A quokka zombie (D:5)
  10 rats
155 creatures vanquished.

Notes
Turn   | Place    | Note
-------+----------+-------------------------------------------
     0 | D:1      | MJtheKandyman the Hill Orc Fighter began the quest for the Orb.
     0 | D:1      | Reached XP level 1. HP: 19/19 MP: 1/1
    48 | D:1      | Reached skill level 3 in Axes
    68 | D:1      | Reached XP level 2. HP: 25/26 MP: 2/2
   130 | D:1      | Reached skill level 4 in Axes
   380 | D:1      | Reached XP level 3. HP: 27/31 MP: 3/3
   769 | D:2      | Reached skill level 5 in Axes
  1042 | D:2      | Found a basalt altar of Yredelemnul.
  1280 | D:2      | Reached XP level 4. HP: 39/39 MP: 4/4
  1292 | D:2      | Found a burning altar of Makhleb.
  1297 | D:2      | Became a worshipper of Makhleb the Destroyer
  1548 | D:3      | Reached skill level 6 in Axes
  1614 | D:3      | Noticed Natasha
  1632 | D:3      | Killed Natasha
  1647 | D:3      | Reached XP level 5. HP: 45/45 MP: 5/5
  1653 | D:3      | Noticed Terence
  1674 | D:3      | Killed Terence
  1674 | D:3      | Reached * piety under Makhleb
  1674 | D:3      | Reached skill level 7 in Axes
  1889 | D:3      | Noticed Natasha
  2029 | D:3      | Killed Natasha
  2147 | D:3      | Noticed Natasha
  2154 | D:3      | Killed Natasha
  2167 | D:3      | Reached skill level 8 in Axes
  2167 | D:3      | Reached XP level 6. HP: 39/51 MP: 6/6
  2226 | D:3      | Noticed Robin
  2234 | D:3      | Killed Robin
  2339 | D:3      | Found an ancient bone altar of Kikubaaqudgha.
  2342 | D:3      | Found a white marble altar of Elyvilon.
  2345 | D:3      | Found an iron altar of Okawaru.
  2545 | D:4      | Reached skill level 1 in Invocations
  2991 | D:4      | Found a deep blue altar of Sif Muna.
  3341 | D:4      | Reached ** piety under Makhleb
  3375 | D:5      | Entered Level 5 of the Dungeon
  3621 | D:5      | Reached XP level 7. HP: 38/57 MP: 8/8
  4000 | D:5      | Found a glowing silver altar of Zin.
  4197 | D:5      | Reached skill level 9 in Axes
  4504 | D:6      | Found a staircase to the Ecumenical Temple.
  4605 | D:6      | Reached skill level 5 in Shields
  4693 | D:6      | Reached XP level 8. HP: 64/64 MP: 11/11
  4766 | D:6      | Reached skill level 5 in Invocations
  4873 | D:6      | Reached skill level 10 in Axes
  4905 | D:6      | Noticed Grinder
  4924 | D:6      | Killed Grinder
  5563 | D:6      | Reached *** piety under Makhleb
  5864 | D:7      | Reached skill level 11 in Axes
  5864 | D:7      | Reached XP level 9. HP: 70/70 MP: 13/13
  5928 | D:7      | Mangled by an orc warrior

Skill      XL: |  1  2  3  4  5  6  7  8 |
---------------+-------------------------+-----
Axes           | 3 4 5 6 8 9 11 | 11.4
Invocations    | 2 4 6 |  6.4
Shields        | 4 5 6 |  6.6
Fighting       | |  3.6
Armour         | |  3.2

Action                   |  1- 3 |  4- 6 |  7- 9 || total
-------------------------+-------+-------+-------++-------
Melee: War axe           |   112 |   209 |   163 ||   484
       Battleaxe         |       |       |    21 ||    21
Invok: Minor Destruction |       |       |     4 ||     4
  Use: Scroll            |       |       |     2 ||     2
  Eat: Chunk             |     1 |     8 |     5 ||    14
       Royal jelly       |       |       |     1 ||     1
Armor: Scale mail        |    55 |    67 |    69 ||   191
Dodge: Dodged            |    34 |    61 |    60 ||   155
Block: Shield            |    59 |    88 |   104 ||   251
